 Dungeon Crawl Stone Soup version 0.32-a0-918-g0f22ef8d61 (webtiles) character file.

Game seed: 11978043124805505505

699 Ikimono the Digger (level 7, -5/50 HPs)
             Began as a Demigod Earth Elementalist on Apr 11, 2024.
             Slain by a two-headed ogre
             ... wielding a +0 giant spiked club
              (33 damage)
             ... on level 6 of the Dungeon.
             The game lasted 00:05:13 (5523 turns).

Ikimono the Digger (Demigod Earth Elementalist)     Turns: 5523, Time: 00:05:14

Health: -5/50      AC:  4    Str:  9    XL:     7   Next: 15%
Magic:  17/17      EV: 11    Int: 25    God:
Gold:   255        SH:  0    Dex: 10    Spells: 8/15 levels left

rFire   + + .        (no weapon)
rCold   + + +        (no shield)
rNeg    . . .        a - +0 robe
rPois   .            (no helmet)
rElec   .            (no cloak)
rCorr   .            l - +0 pair of gloves
SInv    +            g - +0 pair of boots
Will    .....        n - amulet of the Ban {rF+ rC++ RegenMP+ Dex-4 SInv}
Stlth   ++           j - ring of protection from fire
HPRegen 0.28/turn    o - ring of protection from cold
MPRegen 0.55/turn

%: no passive effects
@: no status effects
A: high MP 1, forlorn, divine attributes
a: no special abilities


You were on level 6 of the Dungeon.
You visited 1 branch of the dungeon, and saw 6 of its levels.

You collected 255 gold pieces.

Inventory:

Armour
 a - a +0 robe (worn)
 g - a +0 pair of boots (worn)
 l - a +0 pair of gloves (worn)
Jewellery
 j - a ring of protection from fire (left hand)
 n - the amulet of the Ban (around neck) {rF+ rC++ RegenMP+ Dex-4 SInv}
   (You acquired it on level 3 of the Dungeon)

   [amulet of magic regeneration]

   It increases your rate of magic regeneration.
   Dex-4:     It affects your dexterity (-4).
   rF+:       It protects you from fire.
   rC++:      It greatly protects you from cold.
   SInv:      It lets you see invisible.
   RegenMP+:  It increases your rate of magic regeneration.
 o - a ring of protection from cold (right hand)
 r - a +4 ring of slaying
Wands
 c - a wand of polymorph (7)
 e - a wand of mindburst (6)
 m - a wand of flame (13)
Scrolls
 p - a scroll of revelation
Potions
 b - 2 potions of magic
 d - 2 potions of enlightenment
 h - 2 potions of haste {unknown}
 i - a potion of lignification {unknown}
 k - a potion of might {unknown}
 q - a potion of brilliance {unknown}
 s - a potion of berserk rage {unknown}


   Skills:
 - Level 1.7 Dodging
 - Level 1.7 Stealth
 * Level 4.6 Spellcasting
 * Level 2.4 Conjurations
 * Level 5.8 Earth Magic


You had 8 spell levels left.
You knew the following spells:

 Your Spells              Type           Power      Damage    Failure   Level
a - Sandblast             Erth           68%        2d15      1%          1
b - Passwall              Erth           34%        N/A       2%          3
c - Stone Arrow           Conj/Erth      52%        3d10      4%          3

Your spell library contained the following spells:

 Spells                   Type           Power      Damage    Failure   Level
 Freeze                   Ice            20%        1d4       9%          1
 Jinxbite                 Hex            10%        N/A       13%         2
 Hailstorm                Conj/Ice       12%        3d6       16%         3
 Brom's Barrelling Bould  Conj/Erth      26%        2d5       16%         4
 Frozen Ramparts          Ice            10%        1d2       26%         3
 Tukima's Dance           Hex            5%         N/A       26%         3
 Petrify                  Alch/Erth      20%        N/A       26%         4
 Passage of Golubria      Tloc           5%         N/A       65%         4
 Yara's Violent Unravell  Hex/Alch       2%         3d3       94%         5
 Enfeeble                 Hex            2%         N/A       100%        7


Dungeon Overview and Level Annotations

Branches:
Dungeon (6/15)
 Temple: D:4-7

Annotations:
D:6 Pikel


Innate Abilities, Weirdness & Mutations

You have an increased reservoir of magic. (+10% MP)
You shall have no god before yourself.
Your divine heritage dramatically boosts your attributes as you level up.


Message History

The blast of sand hits the black bear.
The black bear is severely wounded.
The black bear goes berserk!
The black bear bites you!
The black bear claws you but does no damage.
The black bear claws you.
The blast of sand hits the black bear!!
You kill the black bear!
A water moccasin comes into view.
The water moccasin moves out of view.
You have reached level 7!
Magic restored.
HP restored.
You see here a black bear corpse.
There is a stone staircase leading down here.
There is a stone staircase leading down here.
Found a helmet.
Found a stone staircase leading down.
You can't see any susceptible monsters within range! (Use Z to cast anyway.)
f - a scroll labelled FUPHOI ZIKARCHI You can't see any susceptible monsters within range! (Use Z to cast anyway.)
An orc comes into view. It is wielding a +0 club.
Found a scroll labelled KURHEDWEEP.
The orc shouts!
You see here a +4 ring of slaying.
The blast of sand misses the orc.
The orc barely misses you.
The blast of sand hits the orc!
You kill the orc!
You can't see any susceptible monsters within range! (Use Z to cast anyway.)
You can't see any susceptible monsters within range! (Use Z to cast anyway.)
r - a +4 ring of slaying
As you read the scroll labelled FUPHOI ZIKARCHI, it crumbles to dust.
Your body is wracked with pain!
It was a scroll of torment.
A two-headed ogre comes into view.
It is wielding two +0 giant spiked clubs.
The blast of sand hits the two-headed ogre!!
The two-headed ogre is moderately wounded.
The two-headed ogre shouts in stereo!
You hear an angry growl.
You hear a shout!
A black bear comes into view.
The two-headed ogre hits you with a +0 giant spiked club!!
Ouch! That really hurt!
You die...

#############.......###
#......................
#.####..#####.......###
##.#.#...# #.......# #
#........### #.......#
# .#......#...#
#.......# #
>...........# #.......#
# .#####......#
######### #
........@...# #
########O#..# # .....#
# .#.#.[.. # ..#.#.##.#
# ## #.# # .# #.# #?#


You could see a two-headed ogre.

Vanquished Creatures
  Sigmund (D:2)
  An ice beast (D:5)
  A black bear (D:6)
  3 lemures
  An orc priest (D:3)
  Jessica (D:3)
  Natasha (thrice) (D:2)
  3 iguanas
  7 adders
  2 ufetubi (D:5)
  2 ribbon worms (D:2)
  5 orcs
  11 endoplasms
  A giant cockroach (D:1)
  6 goblins
  6 hobgoblins
  3 quokkas (D:4)
  6 ball pythons
  6 bats
  2 frilled lizards
  A kobold (D:2)
  3 rats (D:2)
75 creatures vanquished.

Notes
Turn   | Place    | Note
-------+----------+-------------------------------------------
     0 | D:1      | Ikimono the Demigod Earth Elementalist began the quest for
                  | the Orb.
     0 | D:1      | Reached XP level 1. HP: 14/14 MP: 5/5
   213 | D:1      | Reached skill level 1 in Conjurations
   214 | D:1      | Reached skill level 3 in Earth Magic
   317 | D:1      | Reached XP level 2. HP: 20/20 MP: 5/7
   896 | D:2      | Noticed Sigmund
  1426 | D:2      | Killed Sigmund
  1427 | D:2      | Reached skill level 4 in Earth Magic
  1427 | D:2      | Reached XP level 3. HP: 14/26 MP: 2/10
  1427 | D:2      | Reached XP level 4. HP: 18/33 MP: 2/11
  1427 | D:2      | Reached XP level 5. HP: 21/38 MP: 2/12
  1621 | D:2      | Noticed Natasha
  1623 | D:2      | Killed Natasha
  1838 | D:2      | Noticed Natasha
  1843 | D:2      | Killed Natasha
  1958 | D:2      | Noticed Natasha
  1963 | D:2      | Killed Natasha
  2658 | D:3      | Reached skill level 5 in Earth Magic
  2975 | D:3      | Noticed Jessica
  2979 | D:3      | Reached XP level 6. HP: 24/45 MP: 8/14
  2979 | D:3      | Killed Jessica
  3354 | D:3      | Identified a scroll of acquirement
  3354 | D:3      | Acquired the amulet of the Ban {rF+ rC++ RegenMP+ Dex-4
                  | SInv}
  3701 | D:4      | Learned a level 3 spell: Passwall
  3705 | D:4      | Learned a level 3 spell: Stone Arrow
  4642 | D:5      | Entered Level 5 of the Dungeon
  5167 | D:6      | Noticed Pikel
  5177 | D:5      | HP: 1/45 [lemure[Pikel] (8)]
  5406 | D:6      | Noticed a water moccasin
  5407 | D:6      | Reached XP level 7. HP: 36/50 MP: 15/17
  5522 | D:6      | Noticed a two-headed ogre
  5523 | D:6      | Slain by a two-headed ogre

Illustrated notes

Levels and vault maps discovered:
D:1:      lightli_arrival_windingriver, layout_basic
D:2:      layout_loops_ring, shapermc_ecumenical_altar_mp_ritualfount,
          grunt_ministairs_12, uniq_sigmund, uniq_natasha
D:3:      layout_basic, yredelemnul_altar_generic, lemuel_round_altar,
          guppyfry_early_lair_pool, uniq_jessica
D:4:      layout_basic, kennysheep_generic_room_15
D:5:      layout_basic, mainiacjoe_overflow_tiny_flanked, grunt_ministairs_13
D:6:      layout_basic, uniq_pikel

Skill      XL: |  1  2  3  4  5  6 |
---------------+-------------------+-----
Conjurations   | 1 2 |  2.4
Earth Magic    | 3 4 5 |  5.8
Spellcasting   | 2 3 4 |  4.6
Dodging        | |  1.7
Stealth        | |  1.7

Action                     |  1- 3 |  4- 6 |  7- 9 || total
---------------------------+-------+-------+-------++-------
  Melee: Unarmed           |     8 |     3 |       ||    11
   Cast: Sandblast         |    18 |   101 |     3 ||   122
         Stone Arrow       |       |     6 |       ||     6
    Use: Scroll            |     5 |     7 |     1 ||    13
         Potion            |       |     2 |       ||     2
 Armour: Robe              |     4 |    40 |     1 ||    45
         Skin              |     5 |       |       ||     5
  Dodge: Dodged            |     5 |    34 |     1 ||    40

Table legend: (Time is in decaauts)
 A = Elapsed time spent in this place.
 B = Non-inter-level travel time spent in this place.
 C = Inter-level travel time spent in this place.
 D = Time resting spent in this place.
 E = Time spent auto-exploring this place.
 F = Levels seen in this place.
 G = Mean time per level.
                   A        B        C        D        E       F      G
               +--------+--------+--------+--------+--------+-----+--------+
         Total |   5582 |   5377 |    205 |    777 |   4053 |   6 |  930.3 |
       Dungeon |   5582 |   5377 |    205 |    777 |   4053 |   6 |  930.3 |
               +--------+--------+--------+--------+--------+-----+--------+

Top non-repeatable levels by time:
     D:1: 1371 daAuts
     D:4: 1264 daAuts
     D:3: 1134 daAuts
     D:2: 917 daAuts
     D:5: 693 daAuts
     D:6: 200 daAuts
